 Dungeon Crawl Stone Soup version 0.26.1-11-gd32895ea62 (webtiles) character file.

Game seed: 11534615872764472113

1588592 Bombadill the Slayer (level 27, 279/279 HPs)
             Began as a Deep Dwarf Gladiator on May 5, 2021.
             Was the Champion of Makhleb.
             Escaped with the Orb
             ... and 3 runes on May 8, 2021!
             The game lasted 09:29:32 (83687 turns).

Bombadill the Slayer (Deep Dwarf Gladiator)        Turns: 83687, Time: 09:29:32

Health: 279/279    AC: 31    Str: 33    XL:     27
Magic:  0/0        EV: 18    Int: 17    God:    Makhleb [******]
Gold:   1310       SH:  0    Dex: 14    Spells: 26/26 levels left

rFire    + + +     SeeInvis +   q - +9 battleaxe (drain)
rCold    + + +     Faith    +   (shield currently unavailable)
rNeg     + . .     Spirit   .   s - +5 gold dragon scales
rPois    +         Reflect  .   R - +0 mask of the Dragon {Will+ Slay+3 SInv}
rElec    +         Harm     .   W - scarf {rC+ rF+}
rCorr    +         Rampage  .   p - +2 pair of gloves {Str+3}
Will     +++++                  H - +2 pair of boots
Stlth    ..........             A - amulet of Moiklept {Faith rElec Slay+3}
HPRegen  0.00/turn              y - ring "Jeli" {+Inv rElec rPois rCorr Str+3}
MPRegen  0.07/turn              N - ring of Reyzuq {rPois rF+ rC+ Will+ Slay+3}

@: non-regenerating
A: damage resistance, heal wounds, hooves 1, clever 2, deformed body,
deterioration 1, low mp 1, negative energy resistance 1, sense surroundings 3,
no regeneration
0: Orb of Zot
}: 3/15 runes: serpentine, barnacled, slimy
a: Heal Wounds, Renounce Religion, Evoke Invisibility, Minor Destruction, Lesser
Servant of Makhleb, Major Destruction, Greater Servant of Makhleb


You escaped.
You worshipped Makhleb.
Makhleb was exalted by your worship.
You visited 11 branches of the dungeon, and saw 54 of its levels.
You also visited: Ice Cave and Volcano.

You collected 9852 gold pieces.
You spent 8542 gold pieces at shops.

Inventory:

Hand Weapons
 i - the +9 arbalest "Ralulyk" {elec, +Blink rC+++ MP+9 Dex-4}
   (You found it on level 5 of the Lair of Beasts)

   It charges the ammunition it shoots with electricity; occasionally upon a
   hit, such missiles may discharge and cause terrible harm.
   It affects your dexterity (-4).
   It renders you almost immune to cold.
   It affects your magic capacity (+9).
   It lets you blink.
 q - a +9 battleaxe of draining (weapon)
 S - the +6 arbalest "Damnation" {damnation}
   (You found it on level 1 of the Elven Halls)
Missiles
 d - 10 throwing nets (quivered)
 X - 45 stones
 Z - 76 bolts
Armour
 p - a +2 pair of gloves of strength (worn)
 s - +5 gold dragon scales (worn)
 H - a +2 pair of boots (worn)
 R - the +0 mask of the Dragon (worn) {Will+ Slay+3 SInv}
   (You found it on level 3 of the Elven Halls)

   It affects your accuracy and damage with ranged weapons and melee attacks
   (+3).
   It affects your willpower, your defense against some magical effects.
   It lets you see invisible.
 W - a scarf of resistance (worn)
Jewellery
 a - the ring of Vyr Ryuc {Will+ Int+4 SInv Stlth+}
   (You found it on level 2 of the Depths)

   [ring of willpower]

   It affects your intelligence (+4).
   It affects your willpower, your defense against some magical effects.
   It lets you see invisible.
   It makes you more stealthy.
 g - the ring "Fouzaat" {rF+ EV+4}
   (You bought it in a shop on level 1 of the Elven Halls)

   [ring of evasion]

   It affects your evasion (+4).
   It protects you from fire.
 y - the ring "Jeli" (left hand) {+Inv rElec rPois rCorr Str+3}
   (You bought it in a shop on level 5 of the Depths)

   [ring of resist corrosion]

   It affects your strength (+3).
   It insulates you from electricity.
   It protects you from poison.
   It lets you turn invisible.
   It provides partial protection from all sources of acid and corrosion.
 A - the amulet of Moiklept (around neck) {Faith rElec Slay+3}
   (You bought it in a shop on level 1 of the Elven Halls)

   [amulet of faith]

   It allows you to gain divine favour quickly.
   It affects your accuracy and damage with ranged weapons and melee attacks
   (+3).
   It insulates you from electricity.
 J - the ring "Unemeskumal" {MP+9 Dex+2 Slay+3 SInv Stlth-}
   (You found it on level 4 of the Depths)

   [ring of see invisible]

   It affects your dexterity (+2).
   It affects your accuracy and damage with ranged weapons and melee attacks
   (+3).
   It affects your magic capacity (+9).
   It lets you see invisible.
   It makes you less stealthy.
 N - the ring of Reyzuq (right hand) {rPois rF+ rC+ Will+ Slay+3}
   (You found it on level 4 of the Depths)

   [ring of protection from cold]

   It affects your accuracy and damage with ranged weapons and melee attacks
   (+3).
   It protects you from fire.
   It protects you from cold.
   It protects you from poison.
   It affects your willpower, your defense against some magical effects.
Wands
 k - a wand of acid (16)
 v - a wand of flame (58)
 L - a wand of iceblast (35)
 M - a wand of digging (15)
Scrolls
 h - 6 scrolls of immolation
 j - 4 scrolls of fear
 m - 3 scrolls of silence
 o - 4 scrolls of summoning
 t - 20 scrolls of teleportation
 u - 17 scrolls of remove curse
 z - a scroll of holy word
 E - a scroll of noise
 O - 6 scrolls of blinking
 Q - 5 scrolls of fog
 T - 17 scrolls of identify
Potions
 b - 9 potions of attraction
 e - 5 potions of cancellation
 f - 2 potions of invisibility
 l - 4 potions of haste
 r - 5 potions of mutation
 w - 4 potions of berserk rage
 x - 9 potions of brilliance
 B - 10 potions of lignification
 C - 2 potions of might
 F - a potion of resistance
 G - 14 potions of curing
 K - 7 potions of heal wounds
 P - 2 potions of magic
 U - 6 potions of flight
 Y - 4 potions of ambrosia
Miscellaneous
 c - a phantom mirror
 n - a tin of tremorstones (2/2)
 D - a lightning rod (4/4)
 I - a box of beasts
 V - a condenser vane


   Skills:
 + Level 22.9 Fighting
 - Level 20.0 Axes
 - Level 18.0 Crossbows
 - Level 2.0 Throwing
 - Level 22.0 Armour
 - Level 20.0 Dodging
 - Level 4.0 Stealth
 - Level 4.0 Shields
 - Level 22.0 Invocations
 - Level 22.0 Evocations


You had 26 spell levels left.
You didn't know any spells.
Your spell library contained the following spells:

 Spells                   Type           Power        Failure   Level
 Animate Skeleton         Necr           0%           86%         1
 Apportation              Tloc           0%           86%         1
 Beastly Appendage        Tmut           0%           86%         1
 Corona                   Hex            0%           86%         1
 Foxfire                  Conj/Fire      0%           86%         1
 Magic Dart               Conj           0%           86%         1
 Pain                     Necr           0%           86%         1
 Sandblast                Erth           0%           86%         1
 Sting                    Tmut/Pois      0%           86%         1
 Summon Small Mammal      Summ           0%           86%         1
 Ensorcelled Hibernation  Hex/Ice        0%           94%         2
 Poisonous Vapours        Pois/Air       0%           94%         2
 Searing Ray              Conj           0%           94%         2
 Slow                     Hex            0%           94%         2
 Wereblood                Tmut           0%           94%         2
 Call Canine Familiar     Summ           0%           99%         3
 Confusing Touch          Hex            0%           99%         3
 Conjure Flame            Conj/Fire      0%           99%         3
 Dazzling Flash           Conj/Hex       0%           99%         3
 Gell's Gravitas          Tloc           0%           99%         3
 Ignite Poison            Fire/Tmut/Pois 0%           99%         3
 Inner Flame              Hex/Fire       0%           99%         3
 Mephitic Cloud           Conj/Pois/Air  0%           99%         3
 Portal Projectile        Hex/Tloc       0%           99%         3
 Spider Form              Tmut/Pois      0%           99%         3
 Summon Guardian Golem    Hex/Summ       0%           99%         3
 Tukima's Dance           Hex            0%           99%         3
 Vampiric Draining        Necr           0%           99%         3
 Airstrike                Air            0%           100%        4
 Animate Dead             Necr           0%           100%        4
 Cause Fear               Hex            0%           100%        4
 Fulminant Prism          Conj/Hex       0%           100%        4
 Ice Form                 Ice/Tmut       0%           100%        4
 Iskenderun's Mystic Bla  Conj/Tloc      0%           100%        4
 Leda's Liquefaction      Hex/Erth       0%           100%        4
 Olgreb's Toxic Radiance  Pois           0%           100%        4
 Petrify                  Tmut/Erth      0%           100%        4
 Sticky Flame             Conj/Fire      0%           100%        4
 Agony                    Necr           0%           100%        5
 Blade Hands              Tmut           0%           100%        5
 Bolt of Magma            Conj/Fire/Erth 0%           100%        5
 Borgnjor's Vile Clutch   Necr/Erth      0%           100%        5
 Fireball                 Conj/Fire      0%           100%        5
 Irradiate                Conj/Tmut      0%           100%        5
 Metabolic Englaciation   Hex/Ice        0%           100%        5
 Silence                  Hex/Air        0%           100%        5
 Summon Demon             Summ           0%           100%        5
 Summon Forest            Summ/Tloc      0%           100%        5
 Summon Mana Viper        Hex/Summ       0%           100%        5
 Yara's Violent Unravell  Hex/Tmut       0%           100%        5
 Death Channel            Necr           0%           100%        6
 Freezing Cloud           Conj/Ice/Air   0%           100%        6
 Hydra Form               Tmut           0%           100%        6
 Iron Shot                Conj/Erth      0%           100%        6
 Ozocubu's Refrigeration  Ice            0%           100%        6
 Shadow Creatures         Summ           N/A          100%        6
 Simulacrum               Ice/Necr       0%           100%        6
 Starburst                Conj/Fire      0%           100%        6
 Statue Form              Tmut/Erth      0%           100%        6
 Dragon Form              Tmut           0%           100%        7
 Haunt                    Necr/Summ      0%           100%        7
 Spellforged Servitor     Conj/Summ      0%           100%        7
 Summon Hydra             Summ           0%           100%        7
 Borgnjor's Revivificati  Necr           0%           100%        8
 Chain Lightning          Conj/Air       0%           100%        8
 Discord                  Hex            0%           100%        8
 Ignition                 Fire           0%           100%        8
 Infestation              Necr           0%           100%        8
 Lehudib's Crystal Spear  Conj/Erth      0%           100%        8
 Necromutation            Tmut/Necr      0%           100%        8
 Absolute Zero            Ice            0%           100%        9
 Death's Door             Necr           0%           100%        9
 Dragon's Call            Summ           0%           100%        9
 Fire Storm               Conj/Fire      0%           100%        9
 Shatter                  Erth           0%           100%        9


Dungeon Overview and Level Annotations

Branches:
Dungeon (15/15)            Temple (0/1) D:4            Lair (6/6) D:8
 Shoals (4/4) Lair:3        Snake (4/4) Lair:3        Slime (5/5) Lair:6
    Orc (2/2) D:11            Elf (3/3) Orc:2        Vaults (4/5) D:14
  Crypt (1/3) Vaults:2     Depths (5/5) D:15            Zot (5/5) Depths:5
  IceCv (visited)         Volcano (visited)

Altars:
Ashenzari
Gozag
Hepliaklqana
Kikubaaqudgha
Makhleb
Nemelex Xobeh
Okawaru
Qazlal
Ru
Sif Muna
Trog
Wu Jian
Xom
Yredelemnul
Zin
The Shining One
Beogh
Jiyva

Shops:
D:5 *   D:12 ?   Orc:2 =[!:   Elf:1 =:**=   Elf:2 ((   Elf:3 *?[*   Shoals:2 :
Vaults:1 *   Vaults:4 [   Depths:1 (   Depths:5 }=}

Portals:
Hell: Depths:1 Depths:2 Depths:3 Depths:4 Depths:5
Abyss: Depths:4
Pandemonium: Depths:2 Depths:3
Ziggurat: Depths:3

Annotations:
D:7 1 runed translucent door, Crazy Yiuf
D:8 death yak
D:11 exclusion: upstairs
D:12 2 transporters, exclusion: downstairs, Uwkeq's ghost, journeyman MiFi
D:13 exclusion: downstairs
Lair:2 exclusion: downstairs
Lair:5 exclusion: downstairs
Shoals:3 exclusion: downstairs
Shoals:4 javelineer pack
Snake:3 exclusion: downstairs
Slime:5 exclusion: upstairs
Orc:1 exclusion: downstairs
Elf:1 6 runed translucent doors, exclusion: downstairs
Elf:2 3 runed translucent doors
Vaults:2 exclusion: downstairs
Vaults:4 exclusion: downstairs
Depths:2 exclusion: 2 downstairs
Zot:3 exclusion: downstairs
Zot:5 2 exclusions


Innate Abilities, Weirdness & Mutations

You are resistant to damage.
You can heal yourself by infusing magical energy.
You resist negative energy. (rN+)
You passively map a large area around you.
You do not regenerate.
You have large cloven feet.
Your mind is very acute. (Int +4)
Armour fits poorly on your strangely shaped body.
Your body sometimes deteriorates upon taking damage.
Your magical capacity is low. (-10% MP)


Message History

The neqoxec is moderately wounded.
The neqoxec hits you but does no damage.
You open the neqoxec like a pillowcase!!!
You kill the neqoxec!
Makhleb accepts your kill.
You feel better.
You carve the hell hog like the proverbial ham!!!!
You kill the hell hog!
Makhleb accepts your kill.
You feel better.
(D) Dungeon (T) Temple (L) Lair (A) Shoals (P) Snake Pit (M) Slime Pits (O) Orcish Mines (E) Elven Halls (V) Vaults (C) Crypt (U) Depths (H) Hell (Z) Zot
Where to? (Enter - D:1 @ (x,y), ? - help)
You see here a +0 club.
There is an open door here.
There is an open door here.
There is a staircase leading out of the dungeon here.
You have escaped!

###### .....#
####.# ...#.#
####* .###.#
##≈≈≈♣##
...#.#####≈≈≈♣.>#
.#.#.....#♣♣♣..###
##.#.###.'......@#
...#.# ###♣♣♣..###
.#...# #≈≈≈♣..#
.#.### ##≈≈≈♣##
...^.# ####*
...#.# ...'.#
...### ...#


There were no monsters in sight!

Vanquished Creatures
  the Royal Jelly (Slime:5)
  5 orbs of fire
  3 ancient liches (Zot:5)
  2 juggernauts (Depths:2)
  Sojobo (Depths:2)
  7 Killer Klowns
  Frederick (Vaults:2)
  Vashnia (Snake:3)
  4 curse toes
  8 caustic shrikes
  Nikola (Snake:4)
  the Enchantress (Depths:2)
  Jory (Vaults:2)
  6 golden dragons
  A bone dragon (Zot:1)
  A Brimstone Fiend (D:3)
  An electric golem (Zot:5)
  2 liches
  7 tentacled monstrosities
  25 Orb Guardians
  4 deep elf master archers (Elf:3)
  2 titans
  3 death cobs
  3 quicksilver dragons (Depths:2)
  Polyphemus (Shoals:4)
  2 deep elf blademasters (Elf:3)
  20 acid blobs
  2 ancient champions
  Frances (D:13)
  7 sphinxes
  4 draconian monks
  7 shadow dragons
  Agnes (Vaults:4)
  15 storm dragons
  Donald (Elf:3)
  3 revenants (Crypt:1)
  12 fire giants
  Roxanne (D:14)
  7 tengu reavers
  9 azure jellies
  4 deep elf sorcerers
  7 nagarajas (Snake:4)
  5 draconian knights
  4 frost giants
  2 ghost moths (Zot:2)
  An orc warlord (Elf:1)
  4 draconian scorchers
  An iron dragon (Depths:5)
  9 vault wardens
  3 war gargoyles (Vaults:2)
  Louise (D:14)
  2 draconian stormcallers
  2 deep elf elementalists (Elf:3)
  13 ironheart preservers
  4 draconian shifters
  22 very ugly things
  A curse skull (Crypt:1)
  7 spriggan defenders
  7 draconian annihilators
  23 stone giants
  6 vampire knights
  16 green draconians
  2 lorocyprocas
  14 red draconians
  5 deep elf annihilators (Elf:3)
  10 deep elf demonologists
  12 black draconians
  3 entropy weavers
  15 spark wasps
  15 purple draconians
  15 yellow draconians
  Azrael (Snake:3)
  12 ettins
  A crystal guardian (Vaults:4)
  9 merfolk impalers
  9 white draconians
  Snorg (D:13)
  5 merfolk javelineers
  9 deep elf death magi
  3 eidola (Crypt:1)
  3 mummy priests
  9 death oozes (Slime:5)
  A green death (D:8)
  11 fire dragons
  9 yaktaur captains
  4 boulder beetles
  Fannar (D:12)
  5 deep elf high priests
  14 vault guards
  7 great orbs of eyes
  9 rakshasas
  A monstrous demonspawn (Depths:2)
  17 naga warriors
  9 ice dragons
  9 hydras
  4 catoblepae
  7 anacondas
  5 spriggan air magi
  2 death knights
  4 merfolk avatars
  38 two-headed ogres
  11 ogre magi
  12 centaur warriors
  3 merfolk aquamancers (Shoals:4)
  6 deep troll shamans
  17 dancing weapons
  8 death yaks
  6 satyrs
  8 tengu warriors
  19 deep troll earth magi
  3 vampire magi
  13 naga sharpshooters
  2 hell hogs (D:1)
  5 spriggan berserkers
  Urug (D:14)
  3 orc high priests
  23 deep elf knights
  A soul eater (Zot:1)
  4 shock serpents
  An iron troll (Depths:4)
  2 small abominations (Elf:1)
  8 shadow wraiths
  A torturous demonspawn (Depths:2)
  2 storm dragon skeletons (Crypt:1)
  8 skeletal warriors
  39 deep trolls
  14 sea snakes
  2 shadow demons
  A deep troll (shapeshifter) (Elf:3)
  A glowing orange brain (shapeshifter) (Depths:5)
  4 glowing orange brains
  4 flayed ghosts
  An unseen horror (D:11)
  9 naga ritualists
  An orange crystal statue (Depths:2)
  7 wizards
  A lindwurm (Lair:6)
  23 deep elf archers
  8 harpies
  9 ironbrand convokers
  12 mana vipers
  3 necromancers (Crypt:1)
  17 orc knights
  9 phantasmal warriors
  78 deep elf magi
  4 orc sorcerers
  41 ugly things
  3 shining eyes
  An anaconda skeleton (Crypt:1)
  A salamander (shapeshifter) (Elf:1)
  A shining eye (shapeshifter) (Depths:3)
  5 oklob plants (Lair:6)
  15 manticores
  6 wolf spiders
  13 cyclopes
  8 elephants
  18 fauns
  11 salamanders
  A manticore (shapeshifter) (Depths:3)
  A stone giant skeleton (Crypt:1)
  18 moths of wrath
  3 centaur zombies
  An iron dragon skeleton (Crypt:1)
  6 merfolk sirens
  7 guardian serpents
  A torpor snail (Lair:5)
  8 water nymphs
  8 vault sentinels
  34 black mambas
  A guardian serpent (shapeshifter) (Depths:4)
  11 naga magi
  A black mamba (shapeshifter) (D:14)
  A gargoyle (D:15)
  2 orange demons (Depths:2)
  2 eyes of devastation
  14 cane toads
  A rime drake (shapeshifter) (Vaults:2)
  4 rime drakes
  10 komodo dragons
  A dire elephant skeleton (Crypt:1)
  39 yaktaurs
  4 kobold demonologists
  An ice devil (D:8)
  An efreet (D:14)
  5 freezing wraiths
  A polar bear (shapeshifter) (Vaults:1)
  3 guardian mummies (Crypt:1)
  8 tengu conjurers
  19 merfolk
  A wind drake (shapeshifter) (Depths:5)
  4 trolls
  A troll (shapeshifter) (Vaults:1)
  A jumping spider (shapeshifter) (Depths:2)
  8 polar bears
  A shadow dragon simulacrum (Vaults:3)
  7 hornets
  Prince Ribbit (D:7)
  A dream sheep (shapeshifter) (Vaults:2)
  7 blink frogs
  A blink frog (shapeshifter) (Elf:3)
  A frost giant simulacrum (Crypt:1)
  14 dream sheep
  85 slime creatures
  3 wind drakes
  9 snapping turtles
  2 ettin zombies (Crypt:1)
  A black mamba zombie (Crypt:1)
  5 redbacks
  A ynoxinul (D:1)
  6 wyverns
  5 flying skulls (Crypt:1)
  An ettin skeleton (Crypt:1)
  2 shadows
  A tarantella (shapeshifter) (Elf:3)
  An ice dragon skeleton (Crypt:1)
  2 vampires
  5 spriggans
  5 air elementals
  6 fire elementals
  3 tarantellas (Vaults:4)
  40 yaks
  24 water elementals
  8 basilisks
  9 wraiths
  16 humans (D:14)
  A human (shapeshifter) (D:15)
  5 golden eyes (Slime:1)
  A chaos spawn (D:8)
  A neqoxec (D:1)
  8 wargs
  12 vampire mosquitoes
  59 nagas
  A deep troll zombie (Crypt:1)
  3 steam dragons (Lair:6)
  17 water moccasins
  7 acid dragons
  4 floating eyes
  2 floating eyes (shapeshifter)
  An orb spider zombie (Crypt:1)
  3 hell hounds (Snake:3)
  2 swamp drakes
  3 ice beasts
  54 orc warriors
  2 black bears
  7 eyes of draining
  2 phantoms
  4 sky beasts
  A necrophage (D:13)
  34 ogres
  9 wolves
  A manticore zombie (Crypt:1)
  13 boggarts
  A dream sheep skeleton (Crypt:1)
  A snapping turtle skeleton (Crypt:1)
  22 centaurs
  An elf zombie (Crypt:1)
  An earth elemental (Elf:3)
  21 bullfrogs
  A yaktaur skeleton (Crypt:1)
  A wyvern skeleton (D:15)
  4 scorpions
  2 spriggan zombies (Crypt:1)
  10 killer bees (D:8)
  24 wights
  2 howler monkeys
  2 bullfrog zombies
  3 crimson imps (D:3)
  3 jellies
  7 hounds
  A human simulacrum (Vaults:2)
  14 orc priests
  A basilisk zombie (Crypt:1)
  6 bullfrog skeletons
  5 centaur skeletons
  8 iguanas
  24 orc wizards
  7 worker ants
  3 hell rats
  A mummy (Crypt:1)
  A howler monkey zombie (D:9)
  A worker ant zombie (D:9)
  4 gnolls (D:4)
  12 adders
  2 river rats (D:8)
  4 shadow imps
  2 white imps
  3 ufetubi
  2 oozes
  An adder zombie (D:5)
  An adder skeleton (D:9)
  2 worms (D:2)
  3 dart slugs (D:2)
  6 leopard geckos
  89 orcs
  6 bats
  6 giant cockroaches
  8 goblins
  5 hobgoblins
  22 jackals
  11 kobolds
  6 quokkas
  3 ball pythons
  9 frilled lizards
  A jackal skeleton (D:7)
  2 quokka zombies
  8 rats
  2 crawling corpses (Elf:1)
2335 creatures vanquished.

Vanquished Creatures (collateral kills)
  2 juggernauts
  A Killer Klown (Zot:5)
  An electric golem (Zot:5)
  An Orb Guardian (Zot:5)
  2 acid blobs (Slime:5)
  Ilsuiw (Shoals:3)
  A vault warden (Vaults:2)
  2 merfolk javelineers
  A death ooze (Slime:5)
  A yaktaur captain (Vaults:2)
  Josephine (D:12)
  A great orb of eyes (Depths:3)
  A hydra (Lair:2)
  Erolcha (Orc:2)
  An ice dragon (Vaults:2)
  A vault guard (Vaults:2)
  A merfolk aquamancer (Shoals:4)
  A catoblepas (Lair:2)
  4 two-headed ogres
  A centaur warrior (Depths:2)
  5 death yaks
  An ogre mage (Volcano)
  A naga sharpshooter (Snake:3)
  Nergalle (Lair:4)
  Sonja (D:10)
  A swamp dragon (Lair:6)
  A deep troll (Depths:3)
  4 orc knights (Orc:2)
  A lindwurm (Lair:1)
  A cyclops (D:11)
  A manticore (Lair:6)
  A vault sentinel (Vaults:2)
  A torpor snail (Lair:4)
  A black mamba (Lair:3)
  A cane toad (Lair:5)
  2 komodo dragons
  A hornet (shapeshifter) (Vaults:2)
  A troll (D:9)
  A merfolk (Shoals:3)
  A snapping turtle (Lair:3)
  6 dream sheep
  A wraith (D:12)
  A yak (Lair:1)
  A basilisk (Lair:1)
  A naga (Snake:3)
  2 water moccasins
  4 orc warriors
  4 wolves
  3 ogres
  A bullfrog (D:11)
  An orc priest (D:11)
  An orc wizard (D:9)
  11 orcs
91 creatures vanquished.

Vanquished Creatures (others)
  A storm dragon (Zot:1)
  A catoblepas (Shoals:4)
  A deep elf knight (Elf:2)
  2 deep elf magi
  A slime creature (Slime:3)
  A moth of wrath (Zot:3)
  A yaktaur (Depths:2)
  4 nagas
  An orc priest (Elf:1)
  An orc wizard (Elf:1)
  2 bushes
  28 fungi
  254 plants
298 creatures vanquished.

Grand Total: 2724 creatures vanquished

Notes
Turn   | Place    | Note
-------+----------+-------------------------------------------
     0 | D:1      | Bombadill the Deep Dwarf Gladiator began the quest for the
                  | Orb.
     0 | D:1      | Reached XP level 1. HP: 19/19 MP: 1/1
   232 | D:1      | Reached XP level 2. HP: 20/26 MP: 2/2
   717 | D:1      | Reached skill level 1 in Armour
   893 | D:2      | Found a sacrificial altar of Ru.
   893 | D:2      | Found an ornate altar of the Wu Jian Council.
   894 | D:2      | Found a basalt altar of Yredelemnul.
   900 | D:2      | Became a worshipper of Ru the Awakened
   969 | D:2      | Reached XP level 3. HP: 32/32 MP: 3/3
  1078 | D:2      | Noticed a centaur
  1088 | D:2      | Killed a centaur
  1089 | D:2      | Reached skill level 5 in Axes
  1089 | D:2      | Reached XP level 4. HP: 21/39 MP: 4/4
  1099 | D:2      | Found a burning altar of Makhleb.
  1195 | D:2      | Fell from the grace of Ru
  1195 | D:2      | Became a worshipper of Makhleb the Destroyer
  1282 | D:2      | Reached XP level 5. HP: 42/45 MP: 4/4
  1313 | D:2      | Found an opulent altar of Gozag.
  3176 | D:3      | Found a shimmering altar of Xom.
  3279 | D:3      | Reached XP level 6. HP: 33/55 MP: 5/5
  3412 | D:3      | Reached * piety under Makhleb
  3992 | D:4      | Found a staircase to the Ecumenical Temple.
  4106 | D:4      | Reached XP level 7. HP: 54/63 MP: 6/6
  4666 | D:5      | Entered Level 5 of the Dungeon
  4671 | D:5      | Found an iron altar of Okawaru.
  5124 | D:5      | Found a broken altar of Ashenzari.
  5211 | D:5      | Found a hazy altar of Hepliaklqana.
  5425 | D:5      | Found Ethraecyi's General Store.
  5778 | D:6      | Reached skill level 1 in Shields
  5949 | D:6      | Found a sparkling altar of Nemelex Xobeh.
  5968 | D:6      | Reached XP level 8. HP: 68/72 MP: 6/6
  6195 | D:6      | Got a fine robe
  6218 | D:6      | Identified the cursed +1 robe of Skepticism {rPois Int+7
                  | Dex-4} (You found it on level 6 of the Dungeon)
  6916 | D:5      | Bought a wand of acid (9) for 338 gold pieces
  7036 | D:7      | Noticed Prince Ribbit
  7046 | D:7      | Killed Prince Ribbit
  7047 | D:7      | Reached skill level 1 in Evocations
  7244 | D:7      | Reached ** piety under Makhleb
  7561 | D:7      | Reached skill level 10 in Axes
  7561 | D:7      | Gained mutation: You passively map the area around you.
                  | [Deep Dwarf growth]
  7561 | D:7      | Reached XP level 9. HP: 40/78 MP: 7/7
  7652 | D:7      | Found a runed translucent door.
  7653 | D:7      | Noticed Crazy Yiuf
  7813 | D:8      | Reached skill level 5 in Evocations
  7891 | D:8      | Found an ancient bone altar of Kikubaaqudgha.
  8999 | D:8      | Noticed a death yak
  9095 | D:8      | Noticed a death yak
  9138 | D:8      | Killed a death yak
  9176 | D:8      | Noticed a death yak
  9485 | D:8      | Found a staircase to the Lair.
  9785 | D:8      | Reached XP level 10. HP: 46/82 MP: 6/6
 10074 | D:8      | Reached *** piety under Makhleb
 10115 | D:8      | Reached skill level 1 in Invocations
 10605 | D:9      | Found a bloodstained altar of Trog.
 10628 | D:9      | Found a shimmering blue altar of Sif Muna.
 10909 | D:9      | Noticed an orange demon
 11129 | D:9      | Reached skill level 5 in Armour
 11177 | Lair:1   | Entered Level 1 of the Lair of Beasts
 11274 | Lair:1   | Noticed a cane toad
 11286 | Lair:1   | Killed a cane toad
 11322 | Lair:1   | Found a dark tunnel.
 11322 | Lair:1   | Noticed a lindwurm
 11335 | Lair:1   | Killed a lindwurm
 11350 | Volcano  | Entered a volcano
 11366 | Volcano  | Noticed an ogre mage
 11380 | Volcano  | Killed an ogre mage
 11383 | Volcano  | Found a bloodstained altar of Trog.
 11385 | Volcano  | Noticed a two-headed ogre
 11388 | Volcano  | Noticed a two-headed ogre
 11403 | Volcano  | Killed a two-headed ogre
 11504 | Lair:1   | Reached XP level 11. HP: 51/92 MP: 8/8
 11733 | Lair:1   | Noticed an eight-headed hydra
 11758 | Lair:1   | Killed an eight-headed hydra
 11957 | Lair:1   | Reached skill level 5 in Fighting
 11990 | Lair:1   | Noticed a five-headed hydra
 12017 | Lair:1   | Killed a seven-headed hydra
 12728 | D:8      | Killed a death yak
 12918 | D:7      | Killed a death yak
 13492 | Lair:2   | You fall into a shaft and drop 1 floor!
 13492 | Lair:3   | Found a frozen archway.
 13495 | IceCv    | Entered an ice cave
 13866 | Lair:3   | Noticed a death yak
 13866 | Lair:3   | Noticed a death yak
 13866 | Lair:3   | Noticed a death yak
 13891 | Lair:3   | Found a staircase to the Snake Pit.
 13906 | Lair:3   | Reached XP level 12. HP: 62/110 MP: 8/8
 13930 | Lair:3   | Reached skill level 15 in Axes
 14021 | Lair:2   | Noticed a seven-headed hydra
 14037 | Lair:2   | Killed a seven-headed hydra
 14162 | Lair:2   | Noticed a catoblepas
 14787 | D:9      | Found a bloodstained altar of Trog.
 15209 | D:9      | Found a shimmering blue altar of Sif Muna.
 15226 | D:9      | Found a bloodstained altar of Trog.
 15415 | D:10     | Entered Level 10 of the Dungeon
 15756 | D:10     | Noticed Sonja
 15956 | D:10     | Noticed a two-headed ogre
 16124 | D:10     | Killed Sonja
 16224 | D:10     | Killed a two-headed ogre
 16225 | D:10     | Reached skill level 5 in Invocations
 16393 | D:5      | Bought a wand of acid (11) for 390 gold pieces
 16620 | Lair:2   | Killed a catoblepas
 17024 | Lair:2   | Killed a death yak
 17069 | Lair:2   | Killed a death yak
 17147 | Lair:3   | Killed a death yak
 17221 | Lair:3   | Noticed an eight-headed hydra
 17255 | Lair:3   | Killed an eight-headed hydra
 17349 | Lair:3   | Noticed a catoblepas
 17360 | Lair:3   | Killed a catoblepas
 17489 | Lair:3   | Reached skill level 10 in Invocations
 17843 | Lair:3   | Found a staircase to the Shoals.
 17960 | Lair:4   | Noticed a four-headed hydra
 18215 | Lair:4   | Killed a five-headed hydra
 18216 | Lair:4   | Reached skill level 5 in Dodging
 18216 | Lair:4   | Reached XP level 13. HP: 102/118 MP: 10/10
 18409 | D:5      | Bought a scroll of enchant weapon for 97 gold pieces
 18837 | Lair:4   | Noticed Nergalle
 18844 | Lair:4   | Killed Nergalle
 19247 | Lair:5   | Got a polished arbalest
 19956 | Lair:5   | Reached **** piety under Makhleb
 20285 | Lair:5   | Reached skill level 10 in Armour
 20862 | Lair:6   | Entered Level 6 of the Lair of Beasts
 20959 | Lair:6   | Found a glowing silver altar of Zin.
 21347 | Lair:5   | Reached skill level 10 in Fighting
 21772 | Lair:6   | Reached skill level 10 in Evocations
 22856 | Lair:6   | Reached skill level 1 in Stealth
 22901 | Lair:6   | Noticed a fire dragon
 22921 | Lair:6   | Killed a fire dragon
 23492 | Lair:6   | Found a glowing silver altar of Zin.
 23833 | Lair:6   | Gained mutation: You resist negative energy. (rN+) [Deep
                  | Dwarf growth]
 23833 | Lair:6   | Reached XP level 14. HP: 132/132 MP: 8/8
 23935 | Lair:6   | Got a blackened leather armour
 24963 | D:10     | Found a stormy altar of Qazlal.
 25012 | D:10     | Found a shimmering altar of Xom.
 25164 | D:11     | Found a glowing golden altar of the Shining One.
 25205 | D:11     | Identified the +3 leather armour of the Skies Above {rElec
                  | Regen+ Int-2 Dex-5} (You found it on level 6 of the Lair of
                  | Beasts)
 25598 | D:11     | Found a staircase to the Orcish Mines.
 25933 | D:11     | Found a shimmering blue altar of Sif Muna.
 26264 | D:12     | Noticed Fannar
 26341 | Orc:1    | Entered Level 1 of the Orcish Mines
 26419 | Orc:1    | Reached ***** piety under Makhleb
 26483 | Orc:2    | Entered Level 2 of the Orcish Mines
 26501 | Orc:2    | Noticed Erolcha
 26518 | Orc:2    | Killed Erolcha
 26889 | Orc:2    | Found Zeafud's Distillery.
 27088 | Orc:2    | Bought a potion of heal wounds for 70 gold pieces
 27088 | Orc:2    | Bought a potion of heal wounds for 70 gold pieces
 27093 | Orc:2    | Found Kuqoohax's Book Emporium.
 27522 | Orc:2    | Found a roughly hewn altar of Beogh.
 27755 | Orc:2    | Found Gos Beav's Jewellery Boutique.
 27755 | Orc:2    | Found Myngoereyx's Antique Armour Emporium.
 27952 | Orc:2    | Reached skill level 15 in Evocations
 28003 | Orc:2    | Found a staircase to the Elven Halls.
 28551 | Orc:2    | Bought the ring of Bidghiqi {rPois Stlth+} for 401 gold
                  | pieces
 28569 | Orc:2    | Bought a shiny helmet for 150 gold pieces
 28826 | Orc:1    | Found a roughly hewn altar of Beogh.
 29031 | D:11     | Found a glowing golden altar of the Shining One.
 29351 | D:12     | Killed Fannar
 29451 | D:12     | Identified the cursed +1 morningstar "Taukk" {vorpal,
                  | Dex+3}
 29455 | D:12     | Noticed Uwkeq's ghost (journeyman MiFi)
 29455 | D:12     | Found a bloodstained altar of Trog.
 29468 | D:12     | Found a transporter.
 29470 | D:12     | Found a transporter.
 29471 | D:12     | Identified the cursed +3 great sword of Banim {antimagic,
                  | rC+++}
 29501 | D:12     | Identified the +9 arbalest "Ralulyk" {elec, +Blink rC+++
                  | MP+9 Dex-4} (You found it on level 5 of the Lair of Beasts)
 29509 | D:12     | Found Reamn's Magic Scroll Shop.
 29512 | D:12     | Bought a scroll of enchant weapon for 90 gold pieces
 29512 | D:12     | Bought a scroll of magic mapping for 42 gold pieces
 29512 | D:12     | Bought a scroll of enchant armour for 90 gold pieces
 29512 | D:12     | Bought a scroll of identify for 24 gold pieces
 29512 | D:12     | Bought a scroll of teleportation for 36 gold pieces
 29513 | D:12     | Bought a scroll of identify for 24 gold pieces
 29513 | D:12     | Bought a scroll of identify for 24 gold pieces
 29516 | D:12     | Bought a scroll of identify for 24 gold pieces
 29822 | D:12     | Noticed Josephine
 29827 | D:12     | Killed Josephine
 30317 | D:13     | Noticed Frances
 30425 | D:13     | Reached XP level 15. HP: 125/138 MP: 7/7
 30976 | D:13     | Noticed Snorg
 30983 | D:13     | Killed Snorg
 31005 | D:14     | Found a gate to the Vaults.
 31005 | D:14     | Noticed Urug
 31091 | D:13     | Identified the Tome of the Arsonist
 31152 | D:13     | Killed Frances
 31338 | D:13     | You fall into a shaft and drop 2 floors!
 31338 | D:15     | Entered Level 15 of the Dungeon
 31898 | D:14     | Killed Urug
 32160 | D:14     | Got a slimy hand crossbow
 32392 | D:14     | Identified Roxanne's Guide on Moulding
 32392 | D:14     | Noticed Roxanne
 32392 | D:14     | Noticed Louise
 32624 | D:5      | Bought a scroll of identify for 26 gold pieces
 32624 | D:5      | Identified the +9 hand crossbow "Hynuazeve" {penet, Str+8}
                  | (You found it on level 14 of the Dungeon)
 32781 | Snake:1  | Entered Level 1 of the Snake Pit
 32856 | Lair:3   | Reached ****** piety under Makhleb
 34427 | Snake:3  | Noticed Azrael
 34472 | Snake:3  | Reached XP level 16. HP: 146/146 MP: 8/8
 34874 | Snake:3  | Killed Azrael
 34875 | Snake:3  | Reached skill level 1 in Crossbows
 34902 | Snake:3  | Noticed Vashnia
 35516 | Snake:3  | Killed Vashnia
 35784 | Snake:4  | Entered Level 4 of the Snake Pit
 36061 | Snake:4  | Reached skill level 5 in Crossbows
 36678 | Snake:4  | Noticed Nikola
 36723 | Snake:4  | Killed Nikola
 36966 | Snake:4  | Reached XP level 17. HP: 141/157 MP: 6/6
 37244 | Snake:4  | Got a serpentine rune of Zot
 37730 | Lair:6   | Found a staircase to the Slime Pits.
 37893 | Shoals:1 | Entered Level 1 of the Shoals
 38350 | Shoals:1 | Reached skill level 10 in Crossbows
 38969 | Shoals:2 | Found Qehouq's Book Boutique.
 40571 | Shoals:3 | Noticed Ilsuiw
 40870 | Shoals:3 | Killed Ilsuiw
 40976 | Shoals:4 | Entered Level 4 of the Shoals
 40976 | Shoals:4 | Noticed Polyphemus
 41230 | Shoals:4 | Killed Polyphemus
 41231 | Shoals:4 | Gained mutation: You passively map a large area around you.
                  | [Deep Dwarf growth]
 41231 | Shoals:4 | Reached XP level 18. HP: 99/168 MP: 2/2
 41526 | Shoals:4 | Got a barnacled rune of Zot
 42394 | D:14     | Killed Louise
 42395 | D:14     | Reached skill level 15 in Invocations
 42409 | D:14     | Killed Roxanne
 42623 | D:15     | Identified 2 scrolls of acquirement
 42625 | D:15     | Acquired a manual of Fighting
 42627 | D:15     | Acquired the +2 pair of gloves "Coamitai" {Str+2}
 42765 | D:15     | Found a staircase to the Depths.
 43634 | Vaults:1 | Entered Level 1 of the Vaults
 43908 | Vaults:1 | Found Vaghij's Assorted Antiques.
 43913 | Vaults:1 | Bought a brightly glowing plate armour for 1148 gold pieces
 43913 | Vaults:1 | Identified the +1 plate armour of Archuqapn {rPois} (You
                  | bought it in a shop on level 1 of the Vaults)
 44874 | Vaults:1 | Reached skill level 15 in Fighting
 45539 | Vaults:2 | Noticed Jory
 45550 | Vaults:2 | Killed Jory
 45877 | Vaults:2 | Reached XP level 19. HP: 188/188 MP: 2/2
 45965 | Vaults:2 | Found a staircase to the Crypt.
 45965 | Vaults:2 | Found an ancient bone altar of Kikubaaqudgha.
 45965 | Vaults:2 | Found a basalt altar of Yredelemnul.
 46197 | Vaults:2 | Noticed Frederick
 46220 | Vaults:2 | Killed Frederick
 46577 | Vaults:2 | Reached skill level 15 in Crossbows
 47092 | Vaults:2 | Identified the Volume of Dusty Arcane Weapons
 48291 | Vaults:3 | Noticed a Brimstone Fiend
 48315 | Vaults:3 | Reached XP level 20. HP: 193/194 MP: 1/1
 49267 | Vaults:4 | Found Xebbijey's Antique Armour Shop.
 50495 | Vaults:4 | Noticed Agnes
 50497 | Vaults:4 | Killed Agnes
 50768 | Vaults:4 | Reached skill level 10 in Dodging
 51367 | Depths:1 | Entered Level 1 of the Depths
 51451 | Depths:1 | Reached XP level 21. HP: 191/212 MP: 3/3
 51683 | Elf:1    | Entered Level 1 of the Elven Halls
 51683 | Elf:1    | Found Yjuej's Jewellery Boutique.
 51703 | Elf:1    | Bought the amulet of the Seven Planets {Spirit rF+} for 660
                  | gold pieces
 51910 | Elf:1    | Found Refymiuzit's General Store.
 52226 | Elf:1    | Found Itwebeuxt's General Store.
 52237 | Elf:1    | Bought a scroll of blinking for 127 gold pieces
 52291 | Elf:1    | Found the +6 arbalest "Damnation" {damnation}
 52298 | Elf:1    | Found a runed translucent gate.
 52298 | Elf:1    | Found a runed translucent gate.
 52298 | Elf:1    | Found a runed translucent gate.
 52298 | Elf:1    | Found a runed translucent gate.
 52298 | Elf:1    | Found a runed translucent gate.
 52306 | Elf:1    | Found a runed translucent gate.
 52574 | Elf:1    | Found Duihe's Jewellery Shoppe.
 52621 | Elf:1    | Found Aqit's Book Shoppe.
 52809 | Elf:2    | Found Luoru's Antique Weapon Shoppe.
 52931 | Elf:2    | Found a runed translucent gate.
 52931 | Elf:2    | Found a runed translucent gate.
 52931 | Elf:2    | Found a runed translucent gate.
 53110 | Elf:2    | Found Optasm's Antique Weapon Shop.
 53481 | Elf:3    | Entered Level 3 of the Elven Halls
 53674 | Elf:3    | Found a shimmering blue altar of Sif Muna.
 53781 | Elf:3    | Noticed Donald
 53788 | Elf:3    | Killed Donald
 54056 | Elf:3    | Identified the Catalogue of the Escort
 54267 | Elf:3    | Found Hoysyif's General Store.
 54269 | Elf:3    | Found Qaekoho's Antique Armour Boutique.
 54269 | Elf:3    | Found Hicupeci's Magic Scroll Shop.
 54276 | Elf:3    | Found Qukoari's General Store.
 54282 | Elf:3    | Bought a runed cloak for 255 gold pieces
 54282 | Elf:3    | Bought a faintly humming plate armour for 952 gold pieces
 54282 | Elf:3    | Identified the +5 plate armour of Bugoin {*Corrode rF-
                  | rC+++ Int+9} (You bought it in a shop on level 3 of the
                  | Elven Halls)
 54286 | Elf:3    | Bought a scroll of enchant armour for 127 gold pieces
 54286 | Elf:3    | Bought a scroll of blinking for 127 gold pieces
 54289 | Elf:3    | Bought a scroll of magic mapping for 45 gold pieces
 54289 | Elf:3    | Bought a scroll of summoning for 123 gold pieces
 54289 | Elf:3    | Bought a scroll of blinking for 97 gold pieces
 54672 | Elf:3    | Reached XP level 22. HP: 184/225 MP: 0/3
 54824 | Elf:3    | Identified the +9 dagger "Kiocw" {venom, rElec rN+ Will+
                  | Int-3}
 55314 | Elf:3    | Found the +0 mask of the Dragon {Will+ Slay+3 SInv}
 55319 | Elf:3    | Identified Sif Muna's Guide on Creative Flight
 55430 | Elf:3    | Identified the quicksilver dragon scales of the King of the
                  | Hill {+Inv rF- rN++ Will+ Dex+3} (You found it on level 3
                  | of the Elven Halls)
 55433 | Elf:3    | Identified the +7 plate armour of the Centipede {rC+ rN+}
                  | (You found it on level 3 of the Elven Halls)
 55482 | Elf:3    | Identified the +5 chain mail of Trumpets {+Fly Int-2 Slay+2
                  | Stlth+} (You found it on level 3 of the Elven Halls)
 56780 | Shoals:4 | Got a clouded amber ring
 56781 | Shoals:4 | Identified the ring of the Republic {*Tele rF- Int+2
                  | Stlth+} (You found it on level 4 of the Shoals)
 57197 | Shoals:4 | Identified the Disquisition on the Escort and Orientation
 58064 | Depths:1 | Found a gateway to Hell.
 58076 | Depths:1 | Found the +3 robe of Folly {Archmagi, Will-- Int+5}
 58552 | Depths:1 | Found Mimosh's Weapon Emporium.
 58666 | Depths:2 | Noticed the Enchantress
 58672 | Depths:2 | Killed the Enchantress
 58919 | Depths:2 | Noticed Sojobo
 58948 | Depths:2 | Found a one-way gate leading to the halls of Pandemonium.
 58953 | Depths:2 | Killed Sojobo
 59140 | Crypt:1  | Entered Level 1 of the Crypt
 59222 | Crypt:1  | Reached skill level 15 in Armour
 59452 | Crypt:1  | Found a basalt altar of Yredelemnul.
 59593 | Crypt:1  | Reached XP level 23. HP: 136/235 MP: 5/5
 60487 | Crypt:1  | Noticed a royal mummy
 61637 | Depths:2 | Noticed a juggernaut
 61647 | Depths:2 | Killed a juggernaut
 61653 | Depths:2 | Noticed a juggernaut
 61657 | Depths:2 | Noticed a juggernaut
 61880 | Depths:2 | Killed a juggernaut
 61881 | Depths:2 | Reached skill level 15 in Dodging
 61882 | Depths:2 | Killed a juggernaut
 62102 | Depths:2 | Identified the ring of Vyr Ryuc {Will+ Int+4 SInv Stlth+}
                  | (You found it on level 2 of the Depths)
 62105 | Depths:2 | Acquired a +1 vorpal executioner's axe
 63243 | Depths:3 | Reached XP level 24. HP: 244/244 MP: 0/2
 63539 | Depths:3 | Found a gateway to a ziggurat.
 64490 | Depths:3 | Noticed a juggernaut
 64506 | Depths:3 | Killed a juggernaut
 66347 | Elf:1    | Bought the amulet of Moiklept {Faith rElec Slay+3} for 999
                  | gold pieces
 66376 | Elf:1    | Bought the ring "Fouzaat" {rF+ EV+4} for 750 gold pieces
 68040 | Depths:4 | Found a one-way gate to the infinite horrors of the Abyss.
 68618 | Depths:4 | Reached XP level 25. HP: 252/252 MP: 3/3
 68637 | Depths:4 | Got a glittering steel ring
 68642 | Depths:4 | Got a pitted steel ring
 68645 | Depths:4 | Identified the ring "Unemeskumal" {MP+9 Dex+2 Slay+3 SInv
                  | Stlth-} (You found it on level 4 of the Depths)
 68646 | Depths:4 | Identified the ring of Reyzuq {rPois rF+ rC+ Will+ Slay+3}
                  | (You found it on level 4 of the Depths)
 68777 | Depths:5 | Entered Level 5 of the Depths
 69434 | Depths:5 | Found a gate to the Realm of Zot.
 69485 | Depths:5 | Found Uwnied's Jewellery Boutique.
 69486 | Depths:5 | Found Hukkus's Gadget Emporium.
 69486 | Depths:5 | Found Qosualee's Gadget Emporium.
 69745 | Depths:5 | Identified the +1 scale mail "Riharr" {+Blink} (You found
                  | it on level 5 of the Depths)
 70925 | Slime:1  | Entered Level 1 of the Pits of Slime
 71327 | Slime:5  | Entered Level 5 of the Pits of Slime
 71566 | Slime:5  | Gained mutation: You are occasionally teleported next to
                  | monsters. [a shining eye]
 71574 | Slime:5  | Lost mutation: You are occasionally teleported next to
                  | monsters. [potion of mutation]
 71574 | Slime:5  | Gained mutation: You are robust. (+10% HP) [potion of
                  | mutation]
 71702 | Slime:4  | Gained mutation: You are occasionally teleported next to
                  | monsters. [a shining eye]
 71707 | Slime:4  | Lost mutation: You are occasionally teleported next to
                  | monsters. [potion of mutation]
 71707 | Slime:4  | Lost mutation: You are robust. (+10% HP) [potion of
                  | mutation]
 71707 | Slime:4  | Gained mutation: Your mind is acute. (Int +2) [potion of
                  | mutation]
 71707 | Slime:4  | Gained mutation: You are occasionally teleported next to
                  | monsters. [potion of mutation]
 71707 | Slime:4  | Gained mutation: Your mind is very acute. (Int +4) [potion
                  | of mutation]
 71707 | Slime:4  | Gained mutation: Your muscles are strong. (Str +2) [potion
                  | of mutation]
 71708 | Slime:4  | Lost mutation: You are occasionally teleported next to
                  | monsters. [potion of mutation]
 71708 | Slime:4  | Lost mutation: Your muscles are strong. (Str +2) [potion of
                  | mutation]
 71708 | Slime:4  | Gained mutation: Your magical capacity is low. (-10% MP)
                  | [potion of mutation]
 71708 | Slime:4  | Gained mutation: You have large cloven feet. [potion of
                  | mutation]
 71708 | Slime:4  | Gained mutation: You have hoof-like feet. [potion of
                  | mutation]
 72037 | Slime:5  | Found a viscous altar of Jiyva.
 72311 | Slime:5  | Found a viscous altar of Jiyva.
 72409 | Slime:5  | Noticed the Royal Jelly
 72439 | Slime:5  | Killed the Royal Jelly
 72548 | Slime:5  | Identified the ring "Ipeergh" {rF+ rC+ Stlth-} (You found
                  | it on level 5 of the Pits of Slime)
 72590 | Slime:5  | Got a slimy rune of Zot
 73062 | Depths:5 | Bought the ring "Jeli" {+Inv rElec rPois rCorr Str+3} for
                  | 1236 gold pieces
 73113 | Zot:1    | Entered Level 1 of the Realm of Zot
 73737 | Zot:1    | Found the +4 moon troll leather armour {Spirit, Regen++
                  | MP+5}
 73994 | Zot:1    | Noticed a Killer Klown
 73999 | Zot:1    | Killed a Killer Klown
 74010 | Zot:1    | Reached XP level 26. HP: 261/261 MP: 0/0
 74010 | Zot:1    | Noticed an orb of fire
 74036 | Zot:1    | Killed an orb of fire
 74828 | Zot:2    | Noticed an orb of fire
 74832 | Zot:2    | Lost mutation: You have hoof-like feet. [an orb of fire]
 74834 | Zot:2    | Gained mutation: Armour fits poorly on your strangely
                  | shaped body. [an orb of fire]
 74835 | Zot:2    | Killed an orb of fire
 77440 | Zot:4    | Noticed an orb of fire
 77712 | Zot:4    | Killed an orb of fire
 77922 | Zot:4    | Reached XP level 27. HP: 273/273 MP: 0/0
 78160 | Zot:5    | Entered Level 5 of the Realm of Zot
 79553 | Zot:5    | Noticed an ancient lich
 79566 | Zot:5    | Killed an ancient lich
 82525 | Zot:5    | Noticed an ancient lich
 82534 | Zot:5    | Killed an ancient lich
 82795 | Zot:5    | Noticed an orb of fire
 82805 | Zot:5    | Killed an orb of fire
 82856 | Zot:5    | Noticed an orb of fire
 82865 | Zot:5    | Killed an orb of fire
 82896 | Zot:5    | Noticed an ancient lich
 82900 | Zot:5    | Killed an ancient lich
 82988 | Zot:5    | Got the Orb of Zot
 83349 | D:10     | Noticed Ajil the pandemonium lord
 83360 | D:11     | Noticed Finocono the pandemonium lord
 83656 | D:1      | Gained mutation: Your body sometimes deteriorates upon
                  | taking damage. [a neqoxec]
 83687 | D:$      | Escaped with the Orb!

Illustrated notes

Levels and vault maps discovered:
D:1:      saegor_arrival_simple_d, layout_basic
D:2:      layout_basic, grunt_gozag_statues, nicolae_overflow_quartered_altars,
          minmay_pentomino_t4
D:3:      layout_loops_corners, led_xom_imps, serial_bayou_pond_e
D:4:      layout_rooms, minmay_temple_entry_fiery
D:5:      layout_loops_ring, okawaru_gym_becter, ashenzari_altar_1,
          serial_shops, kennysheep_mini_moat, basic_altar, minmay_between
D:6:      layout_gridville, nemelex_xobeh_ov_fountains_minmay
D:7:      layout_loops_ring, uniq_crazy_yiuf_cottage, uniq_prince_ribbit1
D:8:      kennysheep_windowed_halls, layout_cave_pools, old_standard_altar,
          dpeg_lair_monsters, minmay_misc_feat_cross, minmay_puff
D:9:      layout_stronghold, marbit_many_paths, nicolae_overflow_hidden_temple
D:10:     layout_roguey, basic_altar, nicolae_qazlal_style_of_elements,
          uniq_sonja
D:11:     layout_rooms, erik_orc_1, serial_glass, glass_columns_b,
          glass_columns_b, hangedman_feature_mirror
D:12:     layout_long_grid, serial_shops, nicolae_shop_behind_doors,
          gammafunk_ghost_wrathful_warriors, serial_bayou_pond_e,
          roderic_malta_cross, serial_bayou_pond_b, minmay_checkerbox,
          uniq_josephine, uniq_fannar
D:13:     layout_gridville, small_chamber_with_monster, uniq_frances, uniq_snorg
D:14:     layout_small_grid, david_vaults_3, chequers_arboretum,
          nicolae_straight_to_the_point, uniq_roxanne, uniq_louise
D:15:     hangedman_depths_entry_civil_slaughter, layout_irregular_city,
          minmay_misc_feat_hallway, serial_bayou_pond_e,
          lightli_fourway_metalbox
Lair:1:   layout_layer_cave, nicolae_volcano_entry_vermiform, lemuel_fruit_tree,
          serial_bayou_shore_b
Lair:2:   layout_roguey, grunt_megastairs_1, serial_bayou_shore_a
Lair:3:   layout_chaotic_city, minmay_shoals_entry_hut,
          minmay_snake_entry_spellcaster, portal_ice_cave_entry_pillars_1,
          grunt_megastairs_2
Lair:4:   layout_loops_ring, patterned_corridor, uniq_nergalle
Lair:5:   layout_cave_pods, grunt_megastairs_4
Lair:6:   hangedman_lair_in_review, layout_regular_city,
          guppyfry_lair_end_dragon, minmay_slime_entry_oklob_open, basic_altar,
          nzn_sisyphean_effort
Shoals:1: layout_shoals
Shoals:2: layout_shoals, serial_shops, shop,
          nicolae_shoals_stone_sculpture_thing
Shoals:3: layout_shoals, nicolae_shoals_siren_and_animal_friends, uniq_ilsuiw
Shoals:4: shoals_end_grunt_garden, layout_shoals, shoals_ilsuiw_alternative,
          uniq_polyphemus
Snake:1:  layout_misc_corridors, corexii_hall_statues_i
Snake:2:  layout_misc_corridors
Snake:3:  layout_cave_shapes, nrook_guardian_serpent_ordinary, uniq_vashnia,
          uniq_azrael
Snake:4:  minmay_snake_end_coiled, layout_chambers, drop_trap,
          nrook_loot_triangle, uniq_nikola
Slime:1:  layout_caves, nicolae_slime_phagocytosis
Slime:2:  nicolae_slime_pool, layout_caves, cheibrodos_slime_lost_civilization_4
Slime:3:  layout_caves
Slime:4:  layout_caves
Slime:5
Orc:1:    layout_caves, mines1_david
Orc:2:    st_orc_town, layout_caves, uniq_erolcha
Elf:1:    layout_geoelf_octagon, special_room [special_room_orc], serial_shops,
          nicolae_shop_statue_plus, shop, shop, nicolae_shop_trees,
          nicolae_shop_stone, orc_legates, drop_trap
Elf:2:    layout_rooms, serial_shops, nicolae_shop_crystal, shop
Elf:3:    minmay_elf_hall_circle, layout_rooms, hangedman_summoners_spam,
          minmay_shoptagon, uniq_donald
Vaults:1: nicolae_vaults_circle_grid_a, v_alt_pattern_3, v_rooms_3,
          nicolae_vaults_network_quinsquares
          [nicolae_vaults_network_quincunx_subvault,
          nicolae_vaults_network_quincunx_subvault,
          nicolae_vaults_network_quincunx_subvault,
          nicolae_vaults_network_quincunx_subvault], vaults_room_grid,
          v_misc_11, v_alt_pattern_5, nicolae_vaults_little_squares_5,
          ontoclasm_vaults_hangar, v_misc_11, hangedman_vaults_snaps, v_misc_19,
          ontoclasm_vaults_misaligned, layout_vaults_big_room, serial_shops,
          shop
Vaults:2: minmay_crypt_entry_necro_gods, v_rooms_4, v_misc_19, v_misc_2,
          ontoclasm_vaults_claustrophobia, nicolae_vaults_little_squares_2,
          st_greater_box_1, ontoclasm_vaults_ring_square,
          nicolae_vaults_rhombus_7, nicolae_vaults_little_squares_5,
          hangedman_vaults_nails, vaults_dpeg_encased_lava,
          nicolae_vaults_little_squares_3, layout_vaults_omnibox,
          uniq_frederick, uniq_jory
Vaults:3: vaults_room_corners, nicolae_vaults_puzzle_piece, v_misc_8,
          nicolae_vaults_windows_and_doors_thing, grunt_vaults_trifunnel,
          vaults_standard_mumra_x, vaults_room_octagon,
          hangedman_vaults_capsules, vaults_room_pools,
          nicolae_vaults_hallways_thing, layout_vaults_maze
Vaults:4: v_misc_10, nicolae_vaults_little_squares_5, vaults_room_boxed,
          sword_in_stone, hangedman_vaults_stretched_pinwheel,
          hangedman_vaults_hat, ontoclasm_vaults_twist,
          nicolae_vaults_little_squares_6, hangedman_vaults_trim,
          layout_vaults_quadrants, serial_shops, shop
Crypt:1:  ragdoll_tomb_raider, layout_regular_city, basic_altar, library_closet
Depths:1: evilmike_pillar_path, layout_gridlike, serial_shops,
          nicolae_shop_window_shopping, minmay_misc_feat_rugged,
          mu_enter_wizlab_3, hell_entry, drop_trap, minmay_misc_feat_doors,
          kennysheep_boxes
Depths:2: gammafunk_depths_water_palace, layout_cave_pools,
          rand_demon_pan_entry_5, hangedman_tar_grid_catacomb, uniq_enchantress,
          uniq_sojobo
Depths:3: grunt_runaround [grunt_runaround_doors_1, grunt_runaround_doors_2,
          grunt_runaround_doors_3, grunt_runaround_doors_4,
          grunt_runaround_loot], hell_entry, serial_shops, pan_entry
Depths:4: minmay_haunted_quarter, layout_gridlike, abyss_entry,
          minmay_misc_feat_four_crosses, pf_vacation_house_of_asmodeus,
          grunt_megastairs_3, minmay_staircase_windowed_small
Depths:5: evilmike_zot_entry_basic, layout_gridlike, hell_entry,
          serial_bayou_shore_b, hangedman_decor_slide_cut, minmay_shop_grove
Zot:1:    grunt_zot_stairs_mandelzot, layout_gridlike, grunt_ministairs_15
Zot:2:    nicolae_moth_party, layout_basic, grunt_ministairs_15
Zot:3:    layout_gridlike
Zot:4:    layout_misc_corridors
Zot:5:    layout_misc_corridors

Skill      XL: |  1  2  3  4  5  6  7  8  9 10 11 12 13 14 15 16 17 18 19 20 21 22 23 24 25 26 27 |
---------------+----------------------------------------------------------------------------------+-----
Fighting       | 2 3 4 7 8 10 11 13 15 17 18 19 20 21 22 | 22.9
Throwing       | 2 |  2.0
Axes           | 4 5 6 7 9 10 12 13 14 16 19 20 | 20.0
Armour         | 1 2 4 6 8 10 12 14 15 18 20 22 | 22.0
Dodging        | 4 5 6 10 14 16 18 20 | 20.0
Shields        | 2 4 |  4.0
Evocations     | 4 8 12 16 20 22 | 22.0
Invocations    | 4 10 12 14 15 16 17 18 19 20 22 | 22.0
Stealth        | 3 4 |  4.0
Crossbows      | 7 12 14 17 18 | 18.0

Action                   |  1- 3 |  4- 6 |  7- 9 | 10-12 | 13-15 | 16-18 | 19-21 | 22-24 | 25-27 || total
-------------------------+-------+-------+-------+-------+-------+-------+-------+-------+-------++-------
Melee: War axe           |    96 |   112 |    26 |   841 |   592 |       |       |       |       ||  1667
       Hand axe          |       |   139 |   495 |    20 |       |       |       |       |       ||   654
       Dagger            |       |       |    30 |       |       |       |       |       |       ||    30
       Battleaxe         |       |       |       |       |  1007 |   902 |   464 |   201 |   422 ||  2996
       Arbalest          |       |       |       |       |       |       |       |     1 |       ||     1
 Fire: Hunting sling     |       |       |    10 |       |       |       |       |       |       ||    10
       Hand crossbow     |       |       |       |       |       |   419 |    18 |       |       ||   437
       Arbalest          |       |       |       |       |       |   388 |   847 |   909 |   611 ||  2755
Throw: Throwing net      |     1 |       |       |     2 |       |       |       |     1 |       ||     4
       Stone             |       |    31 |    32 |       |       |       |       |       |       ||    63
       Dart              |       |       |     7 |    15 |    44 |     2 |       |       |       ||    68
Invok: Minor Destruction |       |       |     1 |    46 |    20 |       |       |       |       ||    67
       Lesser Servant of |       |       |       |    28 |    24 |     8 |     3 |     3 |       ||    66
       Major Destruction |       |       |       |       |       |     2 |       |       |       ||     2
       Greater Servant o |       |       |       |       |       |     4 |     2 |    17 |     6 ||    29
 Abil: Heal Wounds       |     1 |     4 |    14 |    24 |    42 |    30 |     8 |    18 |       ||   141
       Evoke Invisibilit |       |       |       |       |     1 |     2 |     1 |       |       ||     4
       Evoke Blink       |       |       |       |       |       |     1 |       |       |       ||     1
Evoke: Wand              |       |     1 |     9 |    16 |    23 |     7 |     6 |    30 |     9 ||   101
       Tin of tremorston |       |       |       |       |       |       |     2 |     2 |     2 ||     6
       Condenser vane    |       |       |       |       |       |       |     1 |     1 |     1 ||     3
       Phantom mirror    |       |       |       |       |       |       |       |     2 |       ||     2
       Lightning rod     |       |       |       |       |       |       |       |     2 |       ||     2
  Use: Scroll            |     4 |     6 |     8 |     5 |    28 |    20 |     6 |    14 |    24 ||   115
       Potion            |       |       |       |     4 |     3 |     7 |     1 |     5 |    23 ||    43
 Stab: Paralysed         |       |     6 |    12 |     6 |       |       |       |       |       ||    24
       Distracted        |       |       |       |     6 |     5 |       |       |       |       ||    11
       Sleeping          |       |       |       |       |    11 |     1 |       |       |       ||    12
       Invisible         |       |       |       |       |     6 |     6 |       |       |       ||    12
       Petrified         |       |       |       |       |     4 |       |       |       |       ||     4
       Confused          |       |       |       |       |     1 |       |       |       |       ||     1
Armor: Leather armour    |    26 |    64 |    68 |    10 |    38 |       |       |       |       ||   206
       Storm dragon scal |       |       |    27 |   427 |   352 |   714 |   532 |   395 |       ||  2447
       Swamp dragon scal |       |       |       |       |   110 |       |       |       |       ||   110
       Robe              |       |       |       |       |   120 |    31 |       |       |       ||   151
       Gold dragon scale |       |       |       |       |       |       |       |    19 |   216 ||   235
       Acid dragon scale |       |       |       |       |       |       |       |       |    46 ||    46
Dodge: Dodged            |    74 |   159 |   248 |   368 |   694 |   596 |   454 |   511 |   335 ||  3439
       Repelled          |       |       |       |       |       |       |     2 |    10 |    22 ||    34
Block: Buckler           |       |       |    70 |   184 |    97 |       |       |       |       ||   351
